 Dungeon Crawl Stone Soup version 0.17-a0-1176-g3d5a0d0 (webtiles) character file.

303 Kisielow the Chiller (level 6, -16/47 HPs)
             Began as a Merfolk Ice Elementalist on May 28, 2015.
             Demolished by Blork the orc
             ... wielding a +2 scimitar of electrocution
              (17 damage)
             ... on level 5 of the Dungeon on May 30, 2015.
             The game lasted 00:19:21 (5874 turns).

Kisielow the Chiller (Merfolk Ice Elementalist)     Turns: 5874, Time: 00:19:21

Health: -16/47     AC: 10    Str:  9    XL:     6   Next: 38%
Magic:  5/9        EV: 13    Int: 14    God:
Gold:   152        SH:  0    Dex: 16    Spells: 3 memorised, 3 levels left

rFire  . . .     SeeInvis .     x - +0 halberd
rCold  + . .     Clarity  .     g - +0 leather armour
rNeg   . . .     SustAt   .     (no shield)
rPois  .         Gourm    .     (no helmet)
rElec  .         Spirit   .     o - +1 cloak
rCorr  .         Warding  .     (no gloves)
rMut   .         Stasis   .     (no boots)
MR     .....                    (no amulet)
Stlth  ++........               (no ring)
                                d - ring of protection from cold

@: icy armour, not resistant to hostile enchantments, unstealthy
A: change form in water, swift swim
a: no special abilities


You were on level 5 of the Dungeon.
You were hungry.

You visited 2 branches of the dungeon, and saw 6 of its levels.

You collected 152 gold pieces.

Inventory:

Hand weapons
 s - a +0 trident
 t - a +0 bardiche
 x - a +0 halberd (weapon)
Armour
 a - a +0 robe
 g - a +0 leather armour (worn)
 o - a +1 cloak (worn)
Jewellery
 d - a ring of protection from cold (left hand)
Magical devices
 p - a wand of lightning (7)
Scrolls
 e - 2 scrolls of identify
 f - a scroll of remove curse
 h - a scroll of enchant weapon {unknown}
 m - 2 scrolls of enchant armour
 r - a scroll of recharging
 A - a scroll of amnesia {unknown}
Potions
 i - a potion of brilliance {unknown}
 j - a potion of haste {unknown}
 k - 2 potions of curing
 l - a potion of lignification {unknown}
 n - a potion of heal wounds {unknown}
 u - a potion of invisibility {unknown}
 v - a potion of agility {unknown}
 w - a potion of magic {unknown}
Books
 b - a book of Frost

   Spells                             Type                      Level
   a - Freeze                         Ice                          1
   b - Throw Frost                    Conjuration/Ice              2
   c - Ozocubu's Armour               Charms/Ice                   3
   d - Throw Icicle                   Conjuration/Ice              4
   e - Summon Ice Beast               Ice/Summoning                4
   f - Condensation Shield            Ice                          4
 q - a book of Power

   Spells                             Type                      Level
   a - Fulminant Prism                Conjuration/Hexes            4
   b - Iskenderun's Mystic Blast      Conjuration                  4
   c - Venom Bolt                     Conjuration/Poison           5
   d - Bolt of Magma                  Conjuration/Fire/Earth       5
   e - Iron Shot                      Conjuration/Earth            6
   f - Orb of Destruction             Conjuration                  7
   g - Spellforged Servitor           Conjuration/Summoning        7
 y - a book of Flames

   Spells                             Type                      Level
   a - Flame Tongue                   Conjuration/Fire             1
   b - Throw Flame                    Conjuration/Fire             2
   c - Conjure Flame                  Conjuration/Fire             3
   d - Inner Flame                    Hexes/Fire                   3
   e - Sticky Flame                   Conjuration/Fire             4
   f - Fireball                       Conjuration/Fire             5
Comestibles
 c - 3 bread rations
 z - 3 chunks of flesh


   Skills:
 * Level 3.6 Fighting
 * Level 3.7 Polearms
 - Level 4.0 Dodging
 - Level 2.1 Stealth
 - Level 2.0 Spellcasting
 - Level 0.7 Conjurations
 - Level 5.1 Ice Magic


You had 3 spell levels left.
You knew the following spells:

 Your Spells              Type           Power        Failure   Level  Hunger
a - Freeze                Ice            ###.         4%          1    ##.....
b - Throw Frost           Conj/Ice       #.....       17%         2    ###....
q - Ozocubu's Armour      Chrm/Ice       #.......     34%         3    ####...


Dungeon Overview and Level Annotations

Branches:
Dungeon (5/15)             Temple (1/1) D:4

Altars:
Ashenzari
Elyvilon
Fedhas
Gozag
Qazlal
Trog
Vehumet
Xom
Zin
The Shining One

Annotations:
D:5 Blork the orc, Sigmund


Message History

You are feeling hungry.
Something hits you but does no damage.
You slash something! Something hits you. Something hits you.
Casting: Ozocubu's Armour
Confirm with . or Enter, or press ? or * to list all spells.
Aiming: Throw Frost
Press: ? - help, Shift-Dir - straight line Something hits you.
No target in view!
You slash something!
You hear some strange, mumbled words.
A puff of flame appears from out of thin air!
The puff of flame misses you. Something hits you!
You miss something. Something hits you but does no damage. Something hits you!
You are electrocuted!
* * * LOW HITPOINT WARNING * * *
You closely miss something. Something hits you!
* * * LOW HITPOINT WARNING * * *
You are electrocuted!
You die...

#..... ......... ##
#...## #.>...... ##.
#...# #........ #...
#...###........ ....
#...#.......@. #..#
#........##### #..#
##.......##
#...###...##..##
#..@...#####.##
#<.....### ##..#
#........# #...##
##.##....# ###....##
# #.....###.......##
#
#................###
#..........).###....
#..........[...#....
.......###.#..##


There were no monsters in sight!

Vanquished Creatures
  An orc wizard (D:3)
  An iguana (D:4)
  2 worker ants (D:4)
  2 gnolls (D:4)
  5 adders
  3 oozes
  3 worms
  5 giant geckos
  14 orcs
  5 giant cockroaches
  10 goblins
  6 hobgoblins
  6 jackals
  11 kobolds
  2 quokkas
  2 ball pythons
  14 bats
  4 giant newts
  18 rats
114 creatures vanquished.

Notes
Turn   | Place    | Note
--------------------------------------------------------------
     0 | D:1      | Kisielow the Merfolk Ice Elementalist began the quest for the Orb.
     0 | D:1      | Reached XP level 1. HP: 13/13 MP: 3/3
   282 | D:1      | Reached XP level 2. HP: 19/19 MP: 3/5
   337 | D:1      | Reached skill level 4 in Ice Magic
   748 | D:1      | Reached XP level 3. HP: 24/24 MP: 3/6
   753 | D:1      | Learned a level 3 spell: Ozocubu's Armour
   756 | D:1      | Learned a level 2 spell: Throw Frost
  1875 | D:2      | Found a stormy altar of Qazlal.
  1877 | D:2      | Noticed an earth elemental
  1877 | D:2      | Noticed a fire elemental
  1878 | D:2      | Noticed a water elemental
  1878 | D:2      | Noticed an air elemental
  1882 | D:2      | Reached skill level 5 in Ice Magic
  2169 | D:2      | Reached XP level 4. HP: 29/31 MP: 2/7
  2434 | D:2      | Reached skill level 1 in Fighting
  2843 | D:2      | Found a glowing silver altar of Zin.
  2844 | D:2      | Noticed an angel
  3755 | D:3      | Found a bloodstained altar of Trog.
  4016 | D:3      | Reached XP level 5. HP: 37/37 MP: 2/8
  4035 | D:3      | Reached skill level 1 in Polearms
  4493 | D:3      | Found a shattered altar of Ashenzari.
  4495 | D:3      | Found a radiant altar of Vehumet.
  4753 | D:3      | Upgraded the game from 0.17-a0-1164-g0ba867e to 0.17-a0-1176-g3d5a0d0
  4937 | D:4      | Found a staircase to the Ecumenical Temple.
  4950 | Temple   | Entered the Ecumenical Temple
  5298 | D:4      | Reached XP level 6. HP: 36/47 MP: 5/9
  5768 | D:5      | Entered Level 5 of the Dungeon
  5858 | D:5      | Noticed Sigmund
  5861 | D:5      | Noticed Blork the orc
  5874 | D:5      | HP: 1/47 [something (8)]
  5874 | D:5      | Demolished by Blork the orc

Vault maps used:
D:1:      minmay_arrival_split_and_join
D:2:      zin_angel, nicolae_qazlal_style_of_elements
D:3:      nicolae_overflow_hidden_temple, bloody_trog
D:4:      temple_statues, first_bread
D:5:      nicolae_overflow_quartered_altars, hangedman_abyss_or_decor_stabs,
          kennysheep_generic_room_8, uniq_sigmund, uniq_grinder,
          uniq_blork_the_orc, uniq_eustachio
Temple:   circular_temple_6

Action                   |  1- 3 |  4- 6 || total
-------------------------+-------+-------++-------
Melee: Dagger            |    31 |    51 ||    82
       Trident           |       |   126 ||   126
       Bardiche          |       |    17 ||    17
       Halberd           |       |    27 ||    27
 Cast: Freeze            |    49 |    29 ||    78
       Throw Frost       |    11 |     4 ||    15
       Ozocubu's Armour  |     4 |    10 ||    14
  Use: Scroll            |       |     7 ||     7
 Stab: Sleeping          |       |    11 ||    11
  Eat: Chunk             |     5 |    11 ||    16
       Bread ration      |       |     1 ||     1
